 Dungeon Crawl Stone Soup version 0.30.0-19-g36f170ea60 (webtiles) character file.

Game seed: 15527443228695071131

6595 MacCMillion the Cleaver (level 11, -13/84 HPs)
             Began as a Formicid Fighter on May 31, 2023.
             Was a High Priest of Okawaru.
             Killed from afar by an acid dragon (15 damage)
             ... with a splash of acid
             ... on level 9 of the Dungeon.
             The game lasted 00:16:24 (10392 turns).

MacCMillion the Cleaver (Formicid Fighter)         Turns: 10392, Time: 00:16:25

Health: -13/84     AC:  9    Str: 24    XL:     11   Next: 21%
Magic:  15/15      EV: 12    Int:  9    God:    Okawaru [*****.]
Gold:   418        SH:  5    Dex: 13    Spells: 10/10 levels left

rFire   . . .        a - +0 war axe
rCold   . . .        c - +0 buckler
rNeg    . . .        x - +0 plate armour
rPois   .            (helmet unavailable)
rElec   .            w - +0 cloak
rCorr   .            b - +0 pair of gloves
SInv    +            B - +0 pair of boots
Will    +....        (no amulet) Stlth
                     l - +5 ring of evasion
HPRegen 0.34/turn    (no ring)
MPRegen 0.14/turn

%: no passive effects
@: corroded
A: permanent stasis, dig shafts and tunnels, antennae 3, four strong arms
a: Dig, Shaft Self, Renounce Religion, Heroism, Finesse, Duel


You were on level 9 of the Dungeon.
You worshipped Okawaru.
Okawaru was extremely pleased with you.
You visited 2 branches of the dungeon, and saw 10 of its levels.

You collected 418 gold pieces.

Inventory:

Hand Weapons
 a - a +0 war axe (weapon)
 D - a +0 broad axe
Missiles
 M - 13 poisoned darts
 N - 6 boomerangs
 O - 5 atropa-tipped darts
Armour
 b - a +0 pair of gloves (worn)
 c - a +0 buckler (worn)
 w - a +0 cloak (worn)
 x - a +0 plate armour (worn)
 B - a +0 pair of boots (worn)
Jewellery
 h - a ring of wizardry
 l - a +5 ring of evasion (left hand)
 t - a ring of flight
 I - a ring of resist corrosion
Wands
 s - a wand of light (3) (quivered)
 v - a wand of charming (26)
 C - a wand of flame (28)
Scrolls
 g - a scroll of enchant weapon
 j - a scroll of amnesia {unknown}
 k - 5 scrolls of teleportation {unknown}
 o - a scroll of torment {unknown}
 q - 3 scrolls of fog {unknown}
 r - 6 scrolls of enchant armour {unknown}
 u - 2 scrolls of magic mapping {unknown}
 y - 2 scrolls of noise {unknown}
 F - a scroll of blinking {unknown}
 G - a scroll of silence {unknown}
 K - a scroll of poison {unknown}
Potions
 d - 2 potions of might
 e - 2 potions of ambrosia
 f - 2 potions of invisibility
 i - a potion of lignification {unknown}
 m - 2 potions of attraction
 n - 2 potions of curing
 p - 4 potions of heal wounds
 z - 2 potions of mutation
 A - a potion of degeneration {unknown}
 E - 2 potions of flight {unknown}
 H - 2 potions of brilliance {unknown}
 J - a potion of resistance
 L - a potion of cancellation {unknown}


   Skills:
 + Level 7.4 Fighting
 * Level 13.0 Axes
 + Level 7.9 Armour
 - Level 4.0 Shields
 + Level 5.3 Invocations


You had 10 spell levels left.
You didn't know any spells.
Your spell library contained the following spells:

 Spells                   Type           Power      Damage    Failure   Level
 Ensorcelled Hibernation  Hex/Ice        0%         N/A       100%        2
 Lesser Beckoning         Tloc           0%         N/A       100%        2
 Momentum Strike          Conj/Tloc      0%         3d8       100%        2
 Sublimation of Blood     Necr           0%         N/A       100%        2
 Ignite Poison            Fire/Tmut/Pois 0%         N/A       100%        3
 Inner Flame              Hex/Fire       0%         N/A       100%        3
 Spider Form              Tmut/Pois      0%         N/A       100%        3
 Anguish                  Hex/Necr       0%         N/A       100%        4
 Flame Wave               Conj/Fire      0%         2d4       100%        4
 Manifold Assault         Tloc           0%         N/A       100%        4
 Petrify                  Tmut/Erth      0%         N/A       100%        4
 Sticky Flame             Conj/Fire      0%         2d3       100%        4
 Irradiate                Conj/Tmut      0%         3d11      100%        5
 Metabolic Englaciation   Hex/Ice        0%         N/A       100%        5
 Dispersal                Tloc           0%         N/A       100%        6
 Disjunction              Tloc           0%         N/A       100%        8
 Ignition                 Fire           0%         3d3       100%        8
 Blink                    Tloc           Unusable   N/A       N/A         2

Dungeon Overview and Level Annotations

Branches:
Dungeon (9/15)             Temple (1/1) D:4            Lair (0/5) D:8
    Orc: D:9-12

Altars:
Ashenzari
Dithmenos
Fedhas
Gozag
Hepliaklqana
Kikubaaqudgha
Nemelex Xobeh
Okawaru
Ru
Sif Muna
Trog
Uskayaw
Vehumet
Wu Jian
Xom
Yredelemnul
Zin
The Shining One

Shops:
D:2 (   D:3 (

Annotations:
D:5 1 runed translucent door, Crazy Yiuf


Innate Abilities, Weirdness & Mutations

You cannot be hasted, slowed, berserked, paralysed or teleported.
You can dig through walls and to a lower floor.
You have a pair of large antennae on your head. (SInv)
Your four strong arms can wield two-handed weapons with a shield.


Message History

You hear an angry buzzing noise.
You hear a shout! x2
You barely miss the acid dragon.
The acid dragon is heavily wounded.
You block the acid dragon's attack. The acid dragon claws you.
You closely miss the acid dragon.
The acid dragon is heavily wounded.
A hornet comes into view.
The acid dragon bites you but does no damage.
The acid dragon claws you but does no damage.
The hornet buzzes angrily.
You hit the acid dragon.
The acid dragon is heavily wounded.
The acid dragon bites you but does no damage.
The acid dragon barely misses you.
You slash the acid dragon!
The acid dragon is almost dead.
The acid dragon spits acid at you. The splash of acid hits you!!
The acid corrodes you!
A kobold comes into view. It is wielding a +0 short sword.
You hear a shout! x3
You completely miss the acid dragon.
The acid dragon is almost dead.
The steam dragon breathes steam at you. The ball of steam hits you!
* * * LOW HITPOINT WARNING * * *
The acid dragon bites you!
* * * LOW HITPOINT WARNING * * *
The acid dragon claws you.
* * * LOW HITPOINT WARNING * * *
You hear a shout! x2
The acid dragon attacks as you move away!
The acid dragon bites you!
* * * LOW HITPOINT WARNING * * *
The acid dragon claws you but does no damage.
A kobold comes into view. It is wielding a +0 club.
The kobold shouts!
A kobold comes into view. It is wielding a +0 dagger.
The acid dragon spits acid at you. The splash of acid hits you!
You die...

................# #.
#...K...........# #.
...K.........).# ##
#..K..........## .
............## ..
#...........# F..
#......#..### D{.
#.####..## . {. #@# ##.##
....#.####ยง###..#########
#....yFDD.##....#.....#
.......##..##..##.#...#
.##...##..##..##..#.#.#
#).##..##..##)....#.#
...##......##......#..
#### ###################


You could see a steam dragon (catching breath), an acid dragon (catching breath)
and 3 kobolds.

Vanquished Creatures
  Gastronok (D:8)
  3 death yaks (D:8)
  A hornet (D:8)
  Prince Ribbit (D:5)
  A yak (D:9)
  A wyvern (D:9)
  An orc warrior (D:5)
  2 ice beasts
  3 black bears
  A sky beast (D:7)
  2 ogres
  2 centaurs
  3 phantoms
  A kobold brigand (D:9)
  5 scorpions
  2 bullfrogs
  5 wights (D:8)
  5 killer bees (D:7)
  A jelly (D:6)
  4 hounds
  3 orc priests
  A gnoll bouda (D:8)
  2 sleepcaps
  4 iguanas
  8 orc wizards
  19 gnolls
  9 adders
  2 white imps
  33 orcs
  7 endoplasms
  2 goblins
  5 hobgoblins
  11 jackals (D:4)
  6 quokkas
  8 ball pythons
  6 bats
  3 frilled lizards
  8 kobolds
  4 rats
186 creatures vanquished.

Notes
Turn   | Place    | Note
-------+----------+-------------------------------------------
     0 | D:1      | MacCMillion the Formicid Fighter began the quest for the
                  | Orb.
     0 | D:1      | Reached XP level 1. HP: 18/18 MP: 1/1
   171 | D:1      | Reached XP level 2. HP: 24/24 MP: 2/2
   654 | D:2      | Found Tat Fadd's Weapon Boutique.
   824 | D:2      | Found a faded altar of an unknown god.
   838 | D:2      | Reached skill level 3 in Axes
   838 | D:2      | Reached XP level 3. HP: 29/29 MP: 3/3
   992 | D:2      | Found an ornate altar of the Wu Jian Council.
  1118 | D:2      | Reached XP level 4. HP: 27/35 MP: 4/4
  1676 | D:3      | Found Ovyacvy's Antique Weapon Emporium.
  1709 | D:3      | Reached skill level 4 in Axes
  2185 | D:3      | Found a basalt altar of Yredelemnul.
  2221 | D:3      | Reached XP level 5. HP: 38/41 MP: 5/5
  2401 | D:4      | Found a staircase to the Ecumenical Temple.
  2415 | D:4      | Reached skill level 5 in Axes
  2417 | Temple   | Entered the Ecumenical Temple
  2683 | Temple   | Became a worshipper of Warmaster Okawaru
  2716 | D:4      | Got the Anthology of Graupel
  2769 | D:4      | Noticed a phantom
  2784 | D:4      | Killed a phantom
  2785 | D:4      | Reached skill level 6 in Axes
  2785 | D:4      | Reached XP level 6. HP: 42/47 MP: 6/6
  3491 | D:5      | Entered Level 5 of the Dungeon
  3727 | D:5      | Reached XP level 7. HP: 52/52 MP: 7/7
  3734 | D:5      | Reached * piety under Okawaru
  3735 | D:5      | Reached skill level 7 in Axes
  4059 | D:5      | Reached skill level 8 in Axes
  4059 | D:5      | Reached XP level 8. HP: 31/58 MP: 8/8
  4258 | D:5      | Found a shimmering blue altar of Sif Muna.
  4286 | D:5      | Found a bloodstained altar of Trog.
  4310 | D:5      | Reached ** piety under Okawaru
  4358 | D:5      | Noticed Prince Ribbit
  4376 | D:5      | Killed Prince Ribbit
  4377 | D:5      | Reached skill level 9 in Axes
  4937 | D:5      | Reached skill level 10 in Axes
  5297 | D:5      | Found a runed translucent door.
  5298 | D:5      | Noticed Crazy Yiuf
  5466 | D:6      | Reached XP level 9. HP: 65/65 MP: 9/9
  5643 | D:6      | Reached *** piety under Okawaru
  5703 | D:6      | Reached skill level 5 in Armour
  6623 | D:7      | Reached skill level 11 in Axes
  7107 | D:7      | Reached skill level 5 in Fighting
  8057 | D:8      | Noticed a death yak
  8109 | D:8      | Noticed a death yak
  8111 | D:8      | Killed a death yak
  8111 | D:8      | Reached **** piety under Okawaru
  8112 | D:8      | Reached XP level 10. HP: 17/76 MP: 7/11
  8112 | D:8      | Noticed a death yak
  8985 | D:8      | Found a staircase to the Lair.
  8999 | D:8      | Reached skill level 12 in Axes
  9465 | D:8      | Found an ornate altar of the Wu Jian Council.
  9529 | D:8      | Noticed Gastronok
  9572 | D:8      | Killed Gastronok
  9572 | D:8      | Reached ***** piety under Okawaru
 10066 | D:8      | Killed a death yak
 10067 | D:8      | Reached XP level 11. HP: 72/84 MP: 14/14
 10078 | D:8      | Killed a death yak
 10079 | D:8      | Reached skill level 5 in Invocations
 10269 | D:9      | Reached skill level 13 in Axes
 10392 | D:9      | HP: 1/84 [acid dragon (7)]
 10392 | D:9      | Killed from afar by an acid dragon

Illustrated notes

Levels and vault maps discovered:
D:1:      dpeg_arrival_houses_and_road, layout_loops_ring
D:2:      layout_rooms, shapermc_ecumenical_altar_acropolis, basic_altar,
          serial_shops, nicolae_shop_crystal, kennysheep_cross_room,
          chequers_big_river, kennysheep_potato
D:3:      layout_basic, yredelemnul_altar_generic, serial_shops, shop,
          kennysheep_flooded_box
D:4:      layout_cave_pools, minmay_temple_entry_offerings,
          minmay_misc_feat_encased
D:5:      layout_basic, nzn_overflow_gifts_of_might_and_magic,
          minmay_stone_trees_small, columned_hall_lemuel, uniq_prince_ribbit1,
          uniq_crazy_yiuf_cottage
D:6:      minmay_recursive_quarters, layout_basic, mrwooster_statue_mirror
D:7:      layout_basic, hex_intersection, chequers_avenue
D:8:      layout_cave_pods, pdpol_wu_jian_five_deadly_venoms,
          dpeg_lair_monsters, uniq_gastronok
D:9:      minmay_thinvault, layout_cave_pods, nicolae_qazlal_eye_of_the_storm,
          mainiacjoe_overflow_alcove_1, bloody_makhleb, amcnicky_altar_gilded,
          enter_bailey_2, grunt_ministairs_6
Temple:   jpeg_temple_clearing

Skill      XL: |  1  2  3  4  5  6  7  8  9 10 11 |
---------------+----------------------------------+-----
Axes           | 3 4 6 8 10 11 12 13 | 13.0
Armour         | 4 6 7 |  7.9
Fighting       | 5 7 |  7.4
Invocations    | 2 4 5 |  5.3
Shields        | |  4.0

Action                     |  1- 3 |  4- 6 |  7- 9 | 10-12 || total
---------------------------+-------+-------+-------+-------++-------
  Melee: War axe           |    88 |   191 |   288 |   195 ||   762
  Throw: Dart              |       |       |       |     6 ||     6
 Invoke: Heroism           |       |       |     1 |     2 ||     3
Ability: Dig               |       |     1 |       |       ||     1
  Evoke: Wand              |       |       |     7 |     2 ||     9
    Use: Potion            |       |       |     1 |       ||     1
         Scroll            |       |       |     5 |     1 ||     6
   Stab: Invisible         |       |       |     4 |     2 ||     6
 Armour: Scale mail        |    15 |       |       |       ||    15
         Chain mail        |    21 |    74 |       |       ||    95
         Plate armour      |       |    13 |   118 |    79 ||   210
  Dodge: Dodged            |    56 |   131 |   154 |    90 ||   431
  Block: Buckler           |    17 |    51 |    51 |    36 ||   155
